 Dungeon Crawl Stone Soup version 0.29-a0-1047-g7c58e119a4 (webtiles) character file.

Game seed: 13616435742210995081

112 ytrimaz the Insei (level 4, -4/48 HPs)
             Began as a Demonspawn Transmuter on Aug 17, 2022.
             Was a Believer of Cheibriados.
             Killed by divine providence
             ... invoked by an orc priest
              (8 damage)
             ... on level 3 of the Dungeon.
             The game lasted 00:02:51 (2542 turns).

ytrimaz the Insei (Demonspawn Transmuter)           Turns: 2542, Time: 00:02:51

Health: -4/48      AC: 22    Str: 14    XL:     4   Next: 63%
Magic:  15/16      EV:  2    Int: 20    God:    Cheibriados [**....]
Gold:   104        SH:  0    Dex: 18    Spells: 1/7 levels left

rFire   . . .      SeeInvis .     - Unarmed
rCold   . . .      Faith    .   (no shield)
rNeg    . . .      Spirit   .   (body armour currently unavailable)
rPois   +          Reflect  .   (helmet currently unavailable)
rElec   .          Harm     .   (cloak currently unavailable)
rCorr   .          Rampage  .   (gloves currently unavailable)
Will    .....      NoTele   +   (boots currently unavailable)
Stlth   ++........              (no amulet)
HPRegen 0.16/turn               d - ring of magical power
MPRegen 0.15/turn               (no ring)

@: tree-form, wereblooded, very slow
A: stationary, stasis, torment immunity, boosted hp, (molten scales 2)
a: Renounce Religion, Bend Time


You were on level 3 of the Dungeon.
You worshipped Cheibriados.
Cheibriados was pleased with you.
You were a tree.
You visited 1 branch of the dungeon, and saw 3 of its levels.

You collected 104 gold pieces.

Inventory:

Armour
 a - a +0 robe (melded)
 i - a +1 cloak (melded)
Jewellery
 d - a ring of magical power (left branch)
Wands
 j - a wand of charming (4)
Scrolls
 c - 2 scrolls of immolation
 f - a scroll of acquirement
 h - a scroll of enchant armour
Potions
 e - a potion of invisibility
 g - a potion of haste {unknown}


   Skills:
 - Level 1.0 Fighting
 + Level 2.6 Dodging
 + Level 4.0 Unarmed Combat
 - Level 2.0 Spellcasting
 + Level 2.7 Transmutations


You had one spell level left.
You knew the following spells:

 Your Spells              Type           Power      Damage    Failure   Level
a - Beastly Appendage     Tmut           26%        N/A       4%          1
b - Wereblood             Tmut           13%        N/A       8%          2
c - Spider Form           Tmut/Pois      7%         N/A       26%         3

Your spell library contained the following spells:

 Spells                   Type           Power      Damage    Failure   Level
 Ensorcelled Hibernation  Hex/Ice        4%         N/A       24%         2
 Ice Form                 Ice/Tmut       7%         N/A       65%         4
 Anguish                  Hex/Necr       1%         N/A       83%         4


Dungeon Overview and Level Annotations

Branches:
Dungeon (3/15)

Altars:
Cheibriados


Innate Abilities, Weirdness & Mutations

You are a tree.
Your roots penetrate the ground, keeping you stationary.
You cannot be teleported.
You are immune to unholy pain and torment.
Your maximum health is greatly increased.
Your equipment is partially melded.
((You are mostly covered in molten scales. (AC +3)))


Message History

The ball python misses you.
Things that are here:
a +0 hand axe; an orc corpse Unknown command.
You punch the ball python!
You kill the ball python!
Cheibriados appreciates the change of pace.
You closely miss the orc. Your kick misses the orc. You headbutt the orc.
The orc is moderately wounded.
The orc hits you with a +0 club.
You closely miss the orc. You claw the orc.
The orc is heavily wounded.
Your transformation is almost over.
You hit the orc.
You feel a bit better.
You kill the orc!
Cheibriados appreciates the change of pace.
You hear some strange, mumbled words.
A puff of flame appears from out of thin air!
The puff of flame hits you!
The orc priest calls down the wrath of Beogh upon you.
Pain shoots through your body!
Your Unarmed Combat skill increases to level 4!
Something barely misses you.
You hear some strange, mumbled words.
A puff of flame appears from out of thin air!
The puff of flame hits you!
* * * LOW HITPOINT WARNING * * *
Things that are here:
a +0 club; an orc corpse You punch the orc priest!
You claw the orc priest. Your headbutt misses the orc priest.
The orc priest is almost dead.
Unknown command.
Really quaff the potion of lignification?
Your horns disappear.
Your talons disappear.
You turn into a tree.
Your +1 cloak melds into your body.
Your +0 robe melds into your body.
Your roots penetrate the ground.
The orc priest calls down the wrath of Beogh upon you.
Beogh smites you!
You die...

###.#....##.....#
.##...........##..#
.........†..........
.
.....#.##.###.......
.. #.......##
##.##.. #..#
##.#.....# .# .
#!..#......#.# #
#.....#......#
.##..♣).#...#
##{o#†....#
#!..........
?..o...........
..##........... ..
#.........?# .
#..........#
............
#............


You could see an orc priest and an orc.

Vanquished Creatures
  Ijyb (D:3)
  4 adders
  A worm (D:3)
  2 dart slugs
  2 orcs (D:3)
  6 ball pythons
  2 bats
  An endoplasm (D:2)
  5 goblins
  9 hobgoblins
  A frilled lizard (D:1)
  4 kobolds
  3 rats
41 creatures vanquished.

Notes
Turn   | Place    | Note
-------+----------+-------------------------------------------
     0 | D:1      | ytrimaz the Demonspawn Transmuter began the quest for the
                  | Orb.
     0 | D:1      | Reached XP level 1. HP: 15/15 MP: 3/3
    10 | D:1      | Noticed a troll
    12 | D:1      | Noticed a ghoul
    19 | D:1      | Noticed a troll
   380 | D:1      | Reached skill level 3 in Unarmed Combat
   387 | D:1      | Gained mutation: You are partially covered in molten
                  | scales. (AC +2) [demonic ancestry]
   387 | D:1      | Reached XP level 2. HP: 11/21 MP: 3/5
   660 | D:1      | Found a faded altar of an unknown god.
   838 | D:1      | Prayed at the altar of an unknown god.
   838 | D:1      | Became a worshipper of Cheibriados the Contemplative
   838 | D:1      | Reached * piety under Cheibriados
   912 | D:1      | Learned a level 2 spell: Wereblood
  1453 | D:2      | Gained mutation: You are mostly covered in molten scales.
                  | (AC +3) [demonic ancestry]
  1453 | D:2      | Reached XP level 3. HP: 26/26 MP: 6/6
  2075 | D:2      | Identified a scroll of acquirement
  2108 | D:3      | Learned a level 3 spell: Spider Form
  2138 | D:3      | Noticed Ijyb
  2160 | D:3      | Killed Ijyb
  2161 | D:3      | Reached XP level 4. HP: 27/32 MP: 7/7
  2170 | D:3      | Reached ** piety under Cheibriados
  2540 | D:3      | Reached skill level 4 in Unarmed Combat
  2542 | D:3      | Killed from afar by an orc priest

Illustrated notes

Levels and vault maps discovered:
D:1:      shiori_arrival_whats_in_store_for_you, layout_loops_corners,
          hellmonk_ecumenical_altar_run_dry
D:2:      layout_basic, hangedman_feature_mirror
D:3:      minmay_chambers_of_threes, layout_rooms, st_stairs_9,
          chequers_serial_rivers_large_b, uniq_ijyb

Skill      XL: |  1  2  3  4 |
---------------+-------------+-----
Unarmed Combat | 3 4 |  4.0
Transmutations | 2 |  2.7
Dodging        | 2 |  2.6
Fighting       | |  1.0
Spellcasting   | |  2.0

Action                   |  1- 3 |  4- 6 || total
-------------------------+-------+-------++-------
Melee: Unarmed           |   124 |    36 ||   160
       Kick              |    21 |     3 ||    24
       Headbutt          |    15 |     2 ||    17
       Punch             |     4 |     1 ||     5
 Cast: Beastly Appendage |    22 |     3 ||    25
       Wereblood         |     1 |     1 ||     2
  Use: Scroll            |     7 |       ||     7
       Potion            |       |     1 ||     1
Armor: Robe              |    50 |    28 ||    78
Dodge: Dodged            |   105 |    41 ||   146

Table legend: (Time is in decaauts)
 A = Elapsed time spent in this place.
 B = Non-inter-level travel time spent in this place.
 C = Inter-level travel time spent in this place.
 D = Time resting spent in this place.
 E = Time spent auto-exploring this place.
 F = Levels seen in this place.
 G = Mean time per level.
                   A        B        C        D        E       F      G
               +--------+--------+--------+--------+--------+-----+--------+
         Total |   2868 |   2749 |    119 |    284 |   2049 |   3 |  956.0 |
       Dungeon |   2868 |   2749 |    119 |    284 |   2049 |   3 |  956.0 |
               +--------+--------+--------+--------+--------+-----+--------+

Top non-repeatable levels by time:
     D:1: 1422 daAuts
     D:2: 965 daAuts
     D:3: 480 daAuts
